 Dungeon Crawl Stone Soup version 0.24-a0-388-gb57f36d6e0 (webtiles) character file.

Game seed: 3136290616189751581

1258 Peloso the Carver (level 8, 0/70 HPs)
             Began as a Minotaur Fighter on June 4, 2019.
             Slain by a jackal (1 damage)
             ... on level 5 of the Dungeon.
             The game lasted 00:07:48 (3205 turns).

Peloso the Carver (Minotaur Fighter)                Turns: 3205, Time: 00:07:48

Health: 0/70       AC: 18    Str: 21    XL:     8   Next: 27%
Magic:  7/7        EV:  5    Int:  5    God:
Gold:   253        SH: 10    Dex: 12    Spells: 7/7 levels left

rFire    . . .     SeeInvis .   a - +0 long sword
rCold    . . .     Gourm    .   c - +0 shield
rNeg     . . .     Faith    .   s - +0 plate armour
rPois    .         Spirit   .   (helmet restricted)
rElec    .         Reflect  .   (no cloak)
rCorr    .         Harm     .   h - +1 pair of gloves
MR       .....                  p - +2 pair of boots
Stlth    ..........             (no amulet)
HPRegen  0.21/turn              (no ring)
MPRegen  0.10/turn              (no ring)

@: no status effects
A: retaliatory headbutt, horns 2
a: no special abilities


You were on level 5 of the Dungeon.
You were not hungry.

You visited 1 branch of the dungeon, and saw 5 of its levels.

You collected 253 gold pieces.

Inventory:

Hand Weapons
 a - a +0 long sword (weapon)
Armour
 b - a +0 scale mail
 c - a +0 shield (worn)
 h - a +1 pair of gloves (worn)
 o - a +0 chain mail
 p - a +2 pair of boots (worn)
 s - a +0 plate armour (worn)
Wands
 n - a wand of clouds (2)
 r - a wand of random effects (9)
 v - a wand of flame (14)
 w - a wand of iceblast (5)
Scrolls
 g - 2 scrolls of blinking {unknown}
 j - 4 scrolls of amnesia {unknown}
 k - 2 scrolls of enchant weapon {unknown}
 l - 2 scrolls of identify {unknown}
 m - a scroll of enchant armour {unknown}
 q - a scroll of remove curse {unknown}
Potions
 d - a potion of might
 e - a potion of agility {unknown}
 i - 3 potions of curing
 t - a potion of berserk rage {unknown}
 u - a potion of resistance {unknown}
 x - a potion of ambrosia {unknown}
Comestibles
 f - 15 rations
 z - 5 chunks of flesh


   Skills:
 + Level 6.1 Fighting
 + Level 8.0 Long Blades
 + Level 5.9 Armour
 + Level 1.6 Dodging
 + Level 0.2 Stealth
 + Level 6.6 Shields
 + Level 0.7 Evocations


You had 7 spell levels left.
You didn't know any spells.
Your spell library was empty.

Dungeon Overview and Level Annotations

Branches:
Dungeon (5/15)
 Temple: D:4-7

Altars:
Ashenzari
Cheibriados
Dithmenos
Elyvilon
Hepliaklqana
Kikubaaqudgha
Makhleb
Qazlal
Trog
Uskayaw
Zin


Innate Abilities, Weirdness & Mutations

You reflexively headbutt those who attack you in melee.
You have a pair of horns on your head.


Message History

Menkaure is almost destroyed.
You block the jackal's attack.
The jackal bites you but does no damage.
Menkaure casts a spell at you. Pain shoots through your body!
* * * LOW HITPOINT WARNING * * *
The jackal bites you but does no damage.
The jackal barely misses you.
Menkaure calls on the powers of darkness!
You feel a surge of unholy energy.
You barely miss Menkaure. You headbutt Menkaure.
You destroy Menkaure!
Your Long Blades skill increases to level 8!
The jackal bites you but does no damage. x2
The jackal bites you.
* * * LOW HITPOINT WARNING * * *
Unknown command.
The jackal bites you but does no damage.
The jackal bites you.
You die...

.. #### .. ##.... .
.. ##....... ..
.###......... ...
............. ....
............ ......
#...........
......##@...........
#...hh...........
##..h...........#
#......[...%...#
#......[......#
##..........###
#.....<...##
##......### #....###


You could see 3 jackals.

Vanquished Creatures
  Prince Ribbit (D:4)
  Sigmund (D:4)
  Menkaure (D:5)
  Duvessa (D:5)
  An ogre (D:4)
  A bullfrog (D:3)
  Dowan (D:5)
  A bullfrog skeleton (D:3)
  2 orc priests (D:3)
  2 orc wizards (D:4)
  Jessica (D:2)
  Ijyb (D:3)
  An iguana (D:4)
  Natasha (D:3)
  8 gnolls
  A howler monkey skeleton (D:4)
  7 adders
  An ooze (D:2)
  An adder zombie (D:5)
  2 worms (D:2)
  2 dart slugs
  7 orcs
  5 giant cockroaches
  12 goblins
  6 hobgoblins
  3 jackals (D:3)
  A ball python (D:3)
  5 bats
  3 frilled lizards
  6 kobolds
  A leopard gecko skeleton (D:5)
  9 rats
96 creatures vanquished.

Notes
Turn   | Place    | Note
-------+----------+-------------------------------------------
     0 | D:1      | Peloso the Minotaur Fighter began the quest for the Orb.
     0 | D:1      | Reached XP level 1. HP: 19/19 MP: 0/0
   203 | D:1      | Reached XP level 2. HP: 21/27 MP: 1/1
   558 | D:2      | Found a white marble altar of Elyvilon.
   592 | D:2      | Found an ancient bone altar of Kikubaaqudgha.
   593 | D:2      | Noticed Jessica
   595 | D:2      | Reached skill level 3 in Long Blades
   595 | D:2      | Reached XP level 3. HP: 28/33 MP: 2/2
   605 | D:2      | Killed Jessica
   632 | D:2      | Found a shadowy altar of Dithmenos.
   737 | D:2      | Reached XP level 4. HP: 40/40 MP: 3/3
  1076 | D:3      | Reached skill level 4 in Long Blades
  1094 | D:3      | Reached XP level 5. HP: 12/47 MP: 4/4
  1376 | D:3      | Reached skill level 1 in Dodging
  1406 | D:3      | Found a snail-covered altar of Cheibriados.
  1410 | D:3      | Found a burning altar of Makhleb.
  1470 | D:3      | Reached skill level 5 in Shields
  1517 | D:3      | Found a shattered altar of Ashenzari.
  1523 | D:3      | Found a hazy altar of Hepliaklqana.
  1523 | D:3      | Found a bloodstained altar of Trog.
  1524 | D:3      | Found a glowing silver altar of Zin.
  1524 | D:3      | Found a stormy altar of Qazlal.
  1571 | D:3      | Reached skill level 5 in Long Blades
  1593 | D:3      | Reached XP level 6. HP: 53/53 MP: 5/5
  2170 | D:3      | Noticed Natasha
  2181 | D:3      | Killed Natasha
  2271 | D:3      | Noticed Ijyb
  2275 | D:3      | Killed Ijyb
  2356 | D:4      | Reached skill level 5 in Fighting
  2413 | D:4      | Found a hide-covered altar of Uskayaw.
  2553 | D:4      | Reached skill level 6 in Long Blades
  2567 | D:4      | Reached XP level 7. HP: 61/61 MP: 6/6
  2750 | D:4      | Noticed Sigmund
  2767 | D:4      | Killed Sigmund
  2767 | D:4      | Reached skill level 5 in Armour
  3096 | D:5      | Entered Level 5 of the Dungeon
  3096 | D:5      | Noticed Duvessa
  3096 | D:5      | Noticed Dowan
  3096 | D:5      | Noticed Prince Ribbit
  3098 | D:5      | Noticed Menkaure
  3102 | D:5      | Killed Duvessa
  3102 | D:5      | Killed Dowan
  3102 | D:5      | Reached skill level 7 in Long Blades
  3116 | D:4      | Killed Prince Ribbit
  3116 | D:4      | Reached XP level 8. HP: 70/70 MP: 7/7
  3203 | D:5      | HP: 2/70 [Menkaure/nerve-wracking pain (5)]
  3204 | D:5      | Killed Menkaure
  3204 | D:5      | Reached skill level 8 in Long Blades
  3205 | D:5      | Slain by a jackal

Levels and vault maps discovered:
D:1:      minmay_arrival_wavy_path, layout_basic
D:2:      layout_rooms, nicolae_dithmenos_through_a_glass_darkly,
          grunt_temple_overflow_open, first_ration, kennysheep_generic_room_5,
          uniq_jessica
D:3:      minmay_wonky_spiral, layout_basic, minitemple, minivault_23,
          uniq_natasha, uniq_ijyb
D:4:      layout_loops_cross, lemuel_crystal_altar, uniq_sigmund
D:5:      layout_cave_pods, vehumet_crystals, serial_shops, shop, uniq_duvessa,
          uniq_pikel, uniq_menkaure, uniq_crazy_yiuf_cottage,
          uniq_prince_ribbit1

Skill      XL: |  1  2  3  4  5  6  7  8 |
---------------+-------------------------+-----
Shields        | 4 5 6 |  6.6
Fighting       | 4 5 6 |  6.1
Armour         | 4 5 |  5.9
Long Blades    | 3 4 5 6 7 8 |  8.0
Dodging        | 1 |  1.6
Stealth        | |  0.2
Evocations     | |  0.7

Action                   |  1- 3 |  4- 6 |  7- 9 || total
-------------------------+-------+-------+-------++-------
Melee: Long sword        |    62 |   160 |    44 ||   266
       Headbutt          |     3 |    40 |     8 ||    51
Evoke: Wand              |       |       |     6 ||     6
  Eat: Chunk             |       |     6 |     2 ||     8
Armor: Scale mail        |    32 |    16 |       ||    48
       Chain mail        |       |    56 |       ||    56
       Plate armour      |       |       |    21 ||    21
Dodge: Dodged            |    19 |    38 |     6 ||    63
Block: Shield            |    35 |    77 |    29 ||   141
       Rpst.: Long sword |     5 |     7 |     1 ||    13

Table legend:
 A = Non-vault XP
 B = Vault XP
 C = Vault XP percentage of total XP
 D = Non-vault monster count
 E = Vault monster count
 F = Vault count percentage of total count
                 A         B        C        D         E       F
            +---------+---------+-------+---------+---------+-------
      Total |     779 |    1019 |  56.7 |      84 |      12 |  12.5
            +---------+---------+-------+---------+---------+-------
        D:1 |      27 |       0 |   0.0 |      16 |       0 |   0.0
        D:2 |      84 |      37 |  30.6 |      22 |       1 |   4.3
        D:3 |     347 |      91 |  20.8 |      32 |       6 |  15.8
        D:4 |     314 |     497 |  61.3 |      12 |       2 |  14.3
        D:5 |       7 |     394 |  98.3 |       2 |       3 |  60.0
            +---------+---------+-------+---------+---------+-------
